 Dungeon Crawl Stone Soup version 0.26.1-11-gd32895ea62 (webtiles) character file.

Game seed: 17232961137677169725

387 infcreate the Sneak (level 6, -1/34 HPs)
             Began as a Vampire Enchanter on Apr 26, 2021.
             Slain by an ogre
             ... wielding a +0 giant club
              (23 damage)
             ... on level 4 of the Dungeon.
             The game lasted 00:15:36 (4516 turns).

infcreate the Sneak (Vampire Enchanter)             Turns: 4516, Time: 00:15:36

Health: -1/34      AC:  2    Str:  7    XL:     6   Next: 49%
Magic:  6/10       EV: 15    Int: 17    God:
Gold:   206        SH:  0    Dex: 23    Spells: 1/10 levels left

rFire    . . .     SeeInvis +   a - +1 dagger
rCold    + + +     Faith    .   (no shield)
rNeg     + + +     Spirit   .   b - +0 robe
rPois    ∞         Reflect  .   n - +0 hat
rElec    .         Harm     .   (no cloak)
rCorr    .         Rampage  .   (no gloves)
Will     .....                  (no boots)
Stlth    ++++++....             p - amulet of magic regeneration
HPRegen  0.00/turn              C - ring of protection from cold
MPRegen  0.37/turn              D - +6 ring of dexterity

@: bloodless
A: fangs 3, see invisible, unbreathing
a: Bat Form, Revivify


You were on level 4 of the Dungeon.
You visited 1 branch of the dungeon, and saw 4 of its levels.

You collected 206 gold pieces.


Innate Abilities, Weirdness & Mutations

You do not regenerate when monsters are visible.
You are frail without blood (-20% HP).
You can heal yourself when you bite living creatures.
You are immune to poison.
You have razor-sharp teeth.
You have supernaturally acute eyesight. (SInv)
You can survive without breathing.


   Skills:
 + Level 1.5 Fighting
 * Level 3.2 Short Blades
 * Level 3.9 Dodging
 * Level 6.5 Stealth
 + Level 2.7 Spellcasting
 * Level 6.1 Hexes


You had one spell level left.
You knew the following spells:

 Your Spells              Type           Power        Failure   Level
c - Corona                Hex            25%          1%          1
d - Tukima's Dance        Hex            23%          4%          3
e - Ensorcelled Hibernat  Hex/Ice        24%          8%          2
t - Confusing Touch       Hex            23%          4%          3

Your spell library contained the following spells:

 Spells                   Type           Power        Failure   Level
 Dazzling Flash           Conj/Hex       24%          16%         3

Inventory:

Hand Weapons
 a - a +1 dagger (weapon)
Armour
 b - a +0 robe (worn)
 n - a +0 hat (worn)
Jewellery
 p - an amulet of magic regeneration (around neck)
 C - a ring of protection from cold (left hand)
 D - a +6 ring of dexterity (right hand)
Wands
 s - a wand of acid (13)
Scrolls
 c - 2 scrolls of magic mapping {unknown}
 e - a scroll of identify {@r1}
 i - a scroll of remove curse {@r2}
 l - a scroll of noise {unknown}
 o - a scroll of fear {unknown}
Potions
 d - a potion of curing {unknown}
 f - a potion of resistance {unknown}
 g - a potion of magic {unknown}
 h - a potion of lignification {unknown}
 j - 2 potions of haste {@q3}
 k - a potion of might {unknown}
 m - a potion of invisibility {unknown}
 q - a potion of heal wounds {unknown}
 r - a potion of mutation {unknown}

Dungeon Overview and Level Annotations

Branches:
Dungeon (4/15)
 Temple: D:4-7

Altars:
Fedhas
Hepliaklqana
Nemelex Xobeh
Qazlal
Yredelemnul

Annotations:
D:4 Dowan, Duvessa

##### ▒▒▒...▒▒▒
▒E▒...▒E▒ #▒▒▒...▒▒▒#
##.........#
#.....⚑....#
#.........@##
#.▒▒▒...▒▒▒O## ##
#.▒E▒...▒E▒..####.# ##
#.▒▒▒...▒▒▒o......##.##
#.# #####.............#
#.# #.............##
#.# ####............
#.# #.<.)..........
#.########........#..#
#.


You could see an earth elemental, a water elemental, a fire elemental, an air
elemental, an ogre and an orc priest.


Message History

Aiming: Ensorcelled Hibernation (safe; 8% risk of failure)
Press: ? - help, Shift-Dir - straight line, f/p - orc priest
Aim: an orc priest, wielding a +0 falchion (chance to affect: 43%)
The orc priest resists with some effort.
The orc closely misses you.
The orc priest mumbles some strange prayers to Beogh against you.
Beogh smites you! The orc barely misses you. The orc barely misses you.
The orc priest looks encouraged for a moment.
Casting: Ensorcelled Hibernation (safe; 8% risk of failure)
Confirm with . or Enter, or press ? or * to list all spells.
Aiming: Ensorcelled Hibernation (safe; 8% risk of failure)
Press: ? - help, Shift-Dir - straight line, f - orc
Aim: an orc, wielding a +0 club (chance to affect: 61%)
The orc looks drowsy...
The helpless orc fails to defend itself.
You bite the orc, and draw its blood!
You feel better.
You stick the orc like a pincushion!!!
You kill the orc!
The orc priest mumbles some strange prayers to Beogh against you.
Beogh smites you!
Casting: Ensorcelled Hibernation (safe; 8% risk of failure)
Confirm with . or Enter, or press ? or * to list all spells.
Aiming: Tukima's Dance (dangerous; 4% risk of failure)
Press: ? - help, Shift-Dir - straight line, f - ogre
Aim: an ogre, wielding a +0 giant club (chance to affect: 62%)
The ogre resists with significant effort.
The ogre hits you with a +0 giant club!!
Ouch! That really hurt!
You die...

Skill      XL: |  1  2  3  4  5 |
---------------+----------------+-----
Short Blades   | 2 3 |  3.2
Stealth        | 5 6 |  6.5
Hexes          | 5 6 |  6.1
Fighting       | 1 |  1.5
Dodging        | 3 |  3.9
Spellcasting   | |  2.7

Action                   |  1- 3 |  4- 6 || total
-------------------------+-------+-------++-------
Melee: Dagger            |    77 |    69 ||   146
       Bite              |     2 |     6 ||     8
 Cast: Corona            |    14 |     4 ||    18
       Ensorcelled Hiber |    28 |    33 ||    61
       Confusing Touch   |       |     5 ||     5
       Tukima's Dance    |       |     4 ||     4
 Abil: Exsanguinate      |     1 |       ||     1
  Use: Scroll            |     2 |     4 ||     6
 Stab: Sleeping          |    39 |    23 ||    62
       Confused          |       |     3 ||     3
Armor: Robe              |    11 |     5 ||    16
Dodge: Dodged            |    36 |    30 ||    66

Levels and vault maps discovered:
D:1:      erik_arrival_cave_to_civilisation [erik_arrival_cave_to_hall],
          layout_basic
D:2:      layout_loops_cross, nemelex_xobeh_ov_fountains_minmay,
          nzn_hepliaklqana_mist_gate, fedhas_altar_1
D:3:      layout_basic, lemuel_coloured_pillars_altar
D:4:      layout_cave_pools, nicolae_qazlal_style_of_elements, minmay_bisected,
          uniq_duvessa

Notes
Turn   | Place    | Note
-------+----------+-------------------------------------------
     0 | D:1      | infcreate the Vampire Enchanter began the quest for the
                  | Orb.
     0 | D:1      | Reached XP level 1. HP: 13/13 MP: 3/3
   981 | D:1      | Reached XP level 2. HP: 15/15 MP: 3/5
   984 | D:1      | Learned a level 2 spell: Ensorcelled Hibernation
  1698 | D:2      | Found a sparkling altar of Nemelex Xobeh.
  1780 | D:2      | Reached XP level 3. HP: 20/20 MP: 6/6
  1784 | D:2      | Learned a level 3 spell: Confusing Touch
  1795 | D:2      | Found a hazy altar of Hepliaklqana.
  1875 | D:2      | Found a blossoming altar of Fedhas.
  2065 | D:2      | Noticed an ogre
  2149 | D:2      | Reached skill level 2 in Short Blades
  2149 | D:2      | Reached skill level 5 in Stealth
  2149 | D:2      | Reached skill level 5 in Hexes
  2318 | D:3      | Found a basalt altar of Yredelemnul.
  2757 | D:3      | Reached XP level 4. HP: 24/24 MP: 7/7
  3580 | D:4      | Reached skill level 1 in Fighting
  3580 | D:4      | Reached skill level 3 in Dodging
  3648 | D:4      | Reached XP level 5. HP: 29/29 MP: 8/8
  3794 | D:4      | Noticed Duvessa
  3794 | D:4      | Noticed Dowan
  3895 | D:4      | Reached skill level 6 in Stealth
  3901 | D:4      | Learned a level 3 spell: Tukima's Dance
  3965 | D:2      | Killed an ogre
  3966 | D:2      | Reached skill level 3 in Short Blades
  3966 | D:2      | Reached skill level 6 in Hexes
  3966 | D:2      | Reached XP level 6. HP: 34/34 MP: 2/9
  4170 | D:4      | Noticed a fire elemental
  4172 | D:4      | Found a stormy altar of Qazlal.
  4173 | D:4      | Noticed an air elemental
  4173 | D:4      | Noticed a water elemental
  4516 | D:4      | Slain by an ogre

Vanquished Creatures
  An ogre (D:2)
  A scorpion (D:4)
  A hound (D:4)
  An orc wizard (D:4)
  3 worker ants (D:4)
  4 adders
  A white imp (D:3)
  An ooze (D:2)
  2 worms
  A dart slug (D:4)
  2 leopard geckos
  7 orcs
  A ball python (D:1)
  11 bats
  3 giant cockroaches
  3 goblins
  5 hobgoblins
  6 jackals
  3 quokkas
  5 frilled lizards
  4 kobolds
  9 rats
75 creatures vanquished.

Table legend: (Time is in decaauts)
 A = Elapsed time spent in this place.
 B = Non-inter-level travel time spent in this place.
 C = Inter-level travel time spent in this place.
 D = Time resting spent in this place.
 E = Time spent auto-exploring this place.
 F = Levels seen in this place.
 G = Mean time per level.
                   A        B        C        D        E       F      G
               +--------+--------+--------+--------+--------+-----+--------+
         Total |   4506 |   4230 |    276 |    887 |   1334 |   4 | 1126.5 |
       Dungeon |   4506 |   4230 |    276 |    887 |   1334 |   4 | 1126.5 |
               +--------+--------+--------+--------+--------+-----+--------+

Top non-repeatable levels by time:
     D:1: 1486 daAuts
     D:3: 1472 daAuts
     D:2: 1000 daAuts
     D:4: 547 daAuts

Table legend:
 A = Non-vault XP
 B = Vault XP
 C = Vault XP percentage of total XP
 D = Non-vault monster count
 E = Vault monster count
 F = Vault count percentage of total count
                 A         B        C        D         E       F
            +---------+---------+-------+---------+---------+-------
      Total |     522 |      32 |   5.8 |      74 |       1 |   1.3
            +---------+---------+-------+---------+---------+-------
        D:1 |      27 |       0 |   0.0 |      17 |       0 |   0.0
        D:2 |     173 |       0 |   0.0 |      23 |       0 |   0.0
        D:3 |      87 |       0 |   0.0 |      22 |       0 |   0.0
        D:4 |     235 |      32 |  12.0 |      12 |       1 |   7.7
            +---------+---------+-------+---------+---------+-------
